 Dungeon Crawl Stone Soup version 0.29.0-4-gdea44cf6ec (webtiles) character file.

Game seed: 13450064938838724517

121 qw the Chopper (level 5, -6/30 HPs)
             Began as a Tengu Warper on Aug 28, 2022.
             Mangled by Sigmund
             ... wielding a +0 scythe
              (8 damage)
             ... on level 3 of the Dungeon.
             The game lasted 00:00:18 (3030 turns).

qw the Chopper (Tengu Warper)                       Turns: 3030, Time: 00:00:18

Health: -6/30      AC:  5    Str: 14    XL:     5   Next: 5%
Magic:  9/9        EV: 13    Int: 13    God:
Gold:   149        SH:  0    Dex: 13    Spells: 8/8 levels left

rFire   . . .      SeeInvis .   m - +0 war axe
rCold   . . .      Faith    .   (no shield)
rNeg    . . .      Spirit   .   g - +0 ring mail
rPois   .          Reflect  .   (helmet restricted)
rElec   .          Harm     .   (no cloak)
rCorr   .          Rampage  .   (no gloves)
Will    .....                   (boots unavailable)
Stlth   ..........              (no amulet)
HPRegen 0.10/turn               (no ring)
MPRegen 0.11/turn               (no ring)

@: confused, flying quickly and evasively, quick
A: beak, talons 3, nimble flight
a: no special abilities


You were on level 3 of the Dungeon.
You visited 1 branch of the dungeon, and saw 3 of its levels.

You collected 149 gold pieces.


Innate Abilities, Weirdness & Mutations

You have a beak for a mouth.
You have claws for feet.
Your magical nature lets you fly swiftly and evasively.


   Skills:
 - Level 2.0 Fighting
 + Level 5.5 Axes
 - Level 1.0 Throwing
 - Level 1.1 Armour
 - Level 2.1 Dodging
 - Level 2.0 Spellcasting
 - Level 2.4 Translocations


You had 8 spell levels left.
You didn't know any spells.
Your spell library contained the following spells:

 Spells                   Type           Power      Damage    Failure   Level
 Blink                    Tloc           14%        N/A       30%         2
 Gell's Gravitas          Tloc           7%         N/A       52%         3
 Lesser Beckoning         Tloc           7%         N/A       52%         3
 Teleport Other           Tloc           7%         N/A       52%         3
 Manifold Assault         Tloc           7%         N/A       99%         5

Inventory:

Hand Weapons
 j - a +0 whip
 m - a +0 war axe (weapon)
Armour
 g - a +0 ring mail (worn)
Scrolls
 a - a scroll of identify
 b - a scroll of torment {unknown}
 c - 2 scrolls of teleportation {unknown}
 l - a scroll of enchant weapon {unknown}
 n - a scroll of enchant armour {unknown}
 p - a scroll of amnesia {unknown}
Potions
 d - a potion of resistance {unknown}
 e - a potion of magic {unknown}
 f - a potion of curing {unknown}
 h - 2 potions of might {unknown}
 i - a potion of haste
 k - a potion of attraction {unknown}
 o - a potion of berserk rage {unknown}

Dungeon Overview and Level Annotations

Branches:
Dungeon (3/15)

Altars:

Annotations:
D:3 Sigmund


Message History

You resist with some effort. Sigmund misses you.
You slash Sigmund!
Sigmund is heavily wounded.
You barely miss Sigmund. You claw Sigmund! Your peck misses Sigmund.
Sigmund is severely wounded.
Sigmund casts a spell at you.
You are confused.
Sigmund casts a spell at you.
You are more confused.
Found 11 gold pieces.
Sigmund gestures at you while chanting.
You are more confused.
You see here a scroll labelled ODAOCK UNOHORGH.
You see here a scroll of butterflies.
You closely miss Sigmund. Your kick misses Sigmund. Your peck misses Sigmund.
Sigmund is severely wounded.
Sigmund points at you and mumbles some strange words.
You are more confused.
Sigmund hits you with a +0 scythe. Sigmund barely misses you.
You see here a scroll of butterflies.
You barely miss Sigmund. Your kick misses Sigmund. Your peck misses Sigmund.
Sigmund is severely wounded.
Sigmund hits you with a +0 scythe!
You miss Sigmund. Your peck misses Sigmund.
Sigmund is severely wounded.
Sigmund gestures at you while chanting. The puff of flame hits you.
Sigmund casts a spell at you.
You are more confused.
You see here a scroll of butterflies.
Sigmund closely misses you.
You bump into the rock wall.
Sigmund hits you from afar with a +0 scythe.
You bump into the rock wall.
You bump into the rock wall.
Sigmund points at you and mumbles some strange words.
The magic dart hits you. Sigmund hits you with a +0 scythe!
You die...

..## #..$.....# ...#
#........# ##.#
#........# ##.#
#........# ##.#
####........# ##.#
#.##........# ##.###
##.##........#
.#...###..##....?...#
...#..<(..##....@@.<#
........#######.#####
.#.....### #.#
..#......# #.#
......#..# #.#
#........# #.#
####.....######.##
###..............#
.......#.........#


You could see Sigmund.

Vanquished Creatures
  5 adders
  2 worms
  3 dart slugs
  8 ball pythons
  3 bats
  5 endoplasms
  2 giant cockroaches
  8 goblins
  4 hobgoblins
  5 jackals
  2 quokkas (D:2)
  3 frilled lizards
  6 kobolds
  6 rats
62 creatures vanquished.

Notes
Turn   | Place    | Note
-------+----------+-------------------------------------------
     0 | D:1      | qw the Tengu Warper began the quest for the Orb.
     0 | D:1      | Reached XP level 1. HP: 12/12 MP: 4/4
     0 | D:1      | 0 ||| qw: Version: 0.1-a-89-g26bdef1
     0 | D:1      | 0 ||| qw: Game counter: 950
     0 | D:1      | 0 ||| qw: Always use a shield: true
     0 | D:1      | 0 ||| qw: God list: Okawaru
     0 | D:1      | 0 ||| qw: Allow faded altars: false
     0 | D:1      | 0 ||| qw: Do Orc after D:15 true
     0 | D:1      | 0 ||| qw: Do second Lair branch before Depths: true
     0 | D:1      | 0 ||| qw: Lair rune preference: random
     0 | D:1      | 0 ||| qw: Plans: Normal
     0 | D:1      | 0 ||| PLANNING D:1-11
   182 | D:1      | Reached XP level 2. HP: 17/17 MP: 6/6
   191 | D:1      | Reached skill level 3 in Axes
   272 | D:1      | 272 ||| Stepping ~*~*~tactically~*~*~ (hiding).
   273 | D:1      | 273 ||| Stepping ~*~*~tactically~*~*~ (hiding).
   457 | D:1      | Reached XP level 3. HP: 21/21 MP: 7/7
   503 | D:1      | 503 ||| Stepping ~*~*~tactically~*~*~ (hiding).
   662 | D:1      | Reached skill level 4 in Axes
   729 | D:1      | 729 ||| DROPPING +0 club.
   744 | D:1      | 744 ||| READING 2 scrolls labelled JOBAEPL GILUPUI.
   745 | D:1      | 745 ||| READING 2 scrolls labelled FEKHLE IDUL.
   746 | D:1      | 746 ||| READING scroll labelled ACLUKKEEDAJ.
   747 | D:1      | 747 ||| DROPPING scroll of blinking.
   748 | D:1      | 748 ||| DROPPING scroll of fear.
  1374 | D:2      | 1374 ||| Stepping ~*~*~tactically~*~*~ (stealth).
  1702 | D:2      | Reached XP level 4. HP: 26/26 MP: 8/8
  1738 | D:2      | 1738 ||| FLEEEEING.
  1739 | D:2      | 1739 ||| FLEEEEING.
  1740 | D:2      | 1740 ||| FLEEEEING.
  1741 | D:2      | 1741 ||| FLEEEEING.
  1742 | D:2      | 1742 ||| FLEEEEING.
  1871 | D:2      | 1871 ||| Stepping ~*~*~tactically~*~*~ (stealth).
  2165 | D:2      | Reached skill level 5 in Axes
  2354 | D:2      | 2354 ||| UPGRADING to +0 ring mail.
  2364 | D:2      | 2364 ||| DROPPING +0 leather armour.
  2365 | D:2      | 2365 ||| READING 3 scrolls labelled PIETTACRURPH.
  2366 | D:2      | 2366 ||| READING scroll labelled SUPUCS SUOSER.
  2367 | D:2      | 2367 ||| READING scroll labelled HADEOWUMPE.
  2368 | D:2      | 2368 ||| READING scroll labelled RIKHIA IQUZOF.
  2369 | D:2      | 2369 ||| DRINKING 2 inky potions.
  2370 | D:2      | 2370 ||| DROPPING 2 scrolls of summoning.
  2393 | D:1      | 2393 ||| Stepping randomly (stuck).
  2626 | D:3      | 2626 ||| Stepping ~*~*~tactically~*~*~ (stealth).
  2630 | D:3      | 2630 ||| Stepping ~*~*~tactically~*~*~ (stealth).
  2631 | D:3      | 2631 ||| Stepping ~*~*~tactically~*~*~ (stealth).
  2727 | D:3      | 2727 ||| SWAPPING to +0 war axe.
  2728 | D:3      | 2728 ||| DROPPING +0 hand axe.
  2858 | D:3      | Gained mutation: Your magical nature lets you fly swiftly
                  | and evasively. [Tengu growth]
  2858 | D:3      | Reached XP level 5. HP: 22/30 MP: 9/9
  3010 | D:3      | Noticed Sigmund
  3029 | D:3      | HP: 2/30 [Sigmund/magic dart (6)]
  3030 | D:3      | Mangled by Sigmund

Levels and vault maps discovered:
D:1:      spicycebolla_arrival_ecumenical, layout_basic
D:2:      layout_loops_corners
D:3:      layout_rooms, uniq_sigmund

Skill      XL: |  1  2  3  4 |
---------------+-------------+-----
Axes           | 3 4 5 |  5.5
Fighting       | |  2.0
Throwing       | |  1.0
Armour         | |  1.1
Dodging        | |  2.1
Spellcasting   | |  2.0
Translocations | |  2.4

Action                   |  1- 3 |  4- 6 || total
-------------------------+-------+-------++-------
Melee: Hand axe          |    89 |    61 ||   150
       Kick              |    20 |    23 ||    43
       Peck              |    16 |     8 ||    24
       War axe           |       |    17 ||    17
       Punch             |       |     1 ||     1
Throw: Boomerang         |     7 |       ||     7
  Use: Scroll            |     3 |     4 ||     7
       Potion            |       |     1 ||     1
Armor: Leather armour    |    22 |     3 ||    25
       Ring mail         |       |     8 ||     8
Dodge: Dodged            |    34 |    38 ||    72

Table legend:
 A = Non-vault XP
 B = Vault XP
 C = Vault XP percentage of total XP
 D = Non-vault monster count
 E = Vault monster count
 F = Vault count percentage of total count
                 A         B        C        D         E       F
            +---------+---------+-------+---------+---------+-------
      Total |     173 |       0 |   0.0 |      62 |       0 |   0.0
            +---------+---------+-------+---------+---------+-------
        D:1 |      48 |       0 |   0.0 |      26 |       0 |   0.0
        D:2 |      70 |       0 |   0.0 |      24 |       0 |   0.0
        D:3 |      55 |       0 |   0.0 |      12 |       0 |   0.0
            +---------+---------+-------+---------+---------+-------
